 Dungeon Crawl Stone Soup version 0.31-a0-799-g6bc09d010c (webtiles) character file.

Game seed: 5438183612472006185

25 Dittersdorf the Trooper (level 2, -4/26 HPs)
             Began as a Draconian Fighter on Sept 19, 2023.
             Slain by a cerulean imp
             ... wielding a +1 spear
             ... summoned by Natasha
              (5 damage)
             ... on level 2 of the Dungeon.
             The game lasted 00:00:48 (1035 turns).

Dittersdorf the Trooper (Draconian Fighter)         Turns: 1035, Time: 00:00:49

Health: -4/26      AC:  4    Str: 18    XL:     2   Next: 86%
Magic:  2/2        EV: 12    Int:  8    God:
Gold:   42         SH:  4    Dex: 10    Spells: 1/1 levels left

rFire   . . .        a - +0 long sword
rCold   . . .        b - +0 buckler
rNeg    . . .        (body armour unavailable)
rPois   .            (helmet restricted)
rElec   .            (no cloak)
rCorr   .            (no gloves)
SInv    .            (no boots)
Will    .....        (no amulet)
Stlth   +            (no ring)
HPRegen 0.24/turn    (no ring)
MPRegen 0.08/turn

%: no passive effects
@: no status effects
A: AC +4, unfitting armour, cold-blooded
a: no special abilities


You were on level 2 of the Dungeon.
You visited 1 branch of the dungeon, and saw 2 of its levels.

You collected 42 gold pieces.

Inventory:

Hand Weapons
 a - a +0 long sword (weapon)
Armour
 b - a +0 buckler (worn)
Scrolls
 e - a scroll of amnesia {unknown}
 f - 2 scrolls of identify {unknown}
 g - a scroll of silence {unknown}
 h - 4 scrolls of teleportation {unknown}
 i - 2 scrolls of immolation {unknown}
 j - a scroll of poison {unknown}
Potions
 c - a potion of might
 d - a potion of mutation {unknown}


   Skills:
 + Level 3.6 Fighting
 + Level 2.3 Long Blades
 + Level 3.0 Dodging
 + Level 3.3 Shields


You had one spell level left.
You didn't know any spells.
Your spell library contained the following spells:

 Spells                   Type           Power      Damage    Failure   Level
 Lesser Beckoning         Tloc           0%         N/A       63%         2
 Gell's Gravitas          Tloc           0%         N/A       86%         3
 Teleport Other           Tloc           0%         N/A       86%         3


Dungeon Overview and Level Annotations

Branches:
Dungeon (2/15)

Altars:

Annotations:
D:2 Natasha


Innate Abilities, Weirdness & Mutations

Your plain brown scales are hard. (AC +4)
You cannot fit into any form of body armour.
You are cold-blooded and may be slowed by cold attacks.


Message History

No target in view!
No target in view!
No target in view!
No target in view!
No target in view!
No target in view!
No target in view!
You see here a +0 dagger of venom.
h - 4 scrolls labelled MARISHROCUS (gained 1)
You see here a ball python corpse.
You now have 42 gold pieces (gained 9).
Natasha and a kobold come into view.
Natasha hisses angrily.
The kobold shouts!
Natasha casts a spell.
Natasha casts a spell.
The kobold barely misses you.
The cerulean imp hits you from afar with a +2 spear.
The cerulean imp attacks as it pursues you!
The cerulean imp misses you.
You slash the kobold!
You kill the kobold!
The cerulean imp hits you from afar with a +1 spear.
The cerulean imp hits you from afar with a +2 spear.
The cerulean imp misses you.
Things that are here:
a +0 whip; 3 stones; a kobold corpse The cerulean imp hits you from afar with a +1 spear.
The cerulean imp hits you from afar with a +1 spear.
The cerulean imp attacks as it pursues you!
The cerulean imp barely misses you.
Natasha casts a spell.
The cerulean imp attacks as it pursues you!
The cerulean imp hits you from afar with a +1 spear.
The cerulean imp attacks as it pursues you!
The cerulean imp hits you from afar with a +1 spear.
* * * LOW HITPOINT WARNING * * *
The cerulean imp hits you from afar with a +1 spear.
* * * LOW HITPOINT WARNING * * *
The cerulean imp hits you from afar with a +1 spear.
You die...

#.. #.# .# #.# .# #.# ..
#.##########.# .#
.......5..h..# .#
..####....5§.# .######
....##.#####5######.......
.....#)#
#..5.@..#########..#
.......#
#.....#.†..........#
.#...#.#
#.......)....###.....
##.##.# #.[...######.# ...
#. #.. ......## #†# # .
..#####.#.## #.# ## ###
#.#.# #.# #.#.# #.# ####.#


You could see 2 cerulean imps.

Vanquished Creatures
  A worm (D:2)
  3 ball pythons
  A bat (D:1)
  An endoplasm (D:2)
  A giant cockroach (D:1)
  A hobgoblin (D:1)
  4 jackals (D:1)
  A quokka (D:1)
  2 frilled lizards (D:2)
  2 kobolds
  3 rats (D:1)
20 creatures vanquished.

Notes
Turn   | Place    | Note
-------+----------+-------------------------------------------
     0 | D:1      | Dittersdorf the Draconian Fighter began the quest for the
                  | Orb.
     0 | D:1      | Reached XP level 1. HP: 19/19 MP: 1/1
   437 | D:1      | Reached XP level 2. HP: 26/26 MP: 2/2
  1019 | D:2      | Noticed Natasha
  1032 | D:2      | HP: 1/26 [cerulean imp/+1 spear[Natasha] (3)]
  1035 | D:2      | Slain by a cerulean imp

Illustrated notes

Levels and vault maps discovered:
D:1:      dpeg_arrival_round_c, layout_loops_ring,
          chequers_serial_rivers_micro_b
D:2:      layout_loops_ring, uniq_natasha

Skill      XL: |  1  2 |
---------------+-------+-----
Dodging        | 3 |  3.0
Fighting       | |  3.6
Long Blades    | |  2.3
Shields        | |  3.3

Action                     || total
---------------------------++-------
  Melee: Long sword        ||    54
         Tailslap          ||     6
 Armour: Skin              ||    37
  Dodge: Dodged            ||    33
  Block: Buckler           ||     9

Table legend: (Time is in decaauts)
 A = Elapsed time spent in this place.
 B = Non-inter-level travel time spent in this place.
 C = Inter-level travel time spent in this place.
 D = Time resting spent in this place.
 E = Time spent auto-exploring this place.
 F = Levels seen in this place.
 G = Mean time per level.
                   A        B        C        D        E       F      G
               +--------+--------+--------+--------+--------+-----+--------+
         Total |   1053 |   1031 |     22 |      0 |    864 |   2 |  526.5 |
       Dungeon |   1053 |   1031 |     22 |      0 |    864 |   2 |  526.5 |
               +--------+--------+--------+--------+--------+-----+--------+

Top non-repeatable levels by time:
     D:1: 816 daAuts
     D:2: 237 daAuts
